 Dungeon Crawl Stone Soup version 0.31-a0-672-g7da72447bb (webtiles) character file.

Game seed: 17587648372319751939

100 dialectric the Covered (level 4, -9/40 HPs)
             Began as a Minotaur Fighter on Sept 4, 2023.
             Splashed by a jelly's acid (10 damage)
             ... on level 4 of the Dungeon.
             The game lasted 00:01:45 (1907 turns).

dialectric the Covered (Minotaur Fighter)           Turns: 1907, Time: 00:01:45

Health: -9/40      AC:  0    Str: 21    XL:     4   Next: 46%
Magic:  3/3        EV: 10    Int:  5    God:
Gold:   83         SH:  0    Dex: 11    Spells: 3/3 levels left

rFire   . . .        j - +0 mace (heavy)
rCold   . . .        (no shield)
rNeg    . . .        b - +0 scale mail
rPois   .            (helmet restricted)
rElec   .            (no cloak)
rCorr   .            n - +0 pair of gloves
SInv    .            (no boots)
Will    .....        (no amulet) Stlth
                     (no ring)
HPRegen 0.26/turn    (no ring)
MPRegen 0.08/turn

%: no passive effects
@: corroded
A: horns 2, retaliatory headbutt
a: no special abilities


You were on level 4 of the Dungeon.
You visited 1 branch of the dungeon, and saw 4 of its levels.

You collected 83 gold pieces.

Inventory:

Hand Weapons
 a - a +0 flail
 j - a +0 heavy mace (weapon)
Missiles
 i - 11 poisoned darts
Armour
 b - a +0 scale mail (worn)
 c - a +0 buckler
 m - the +0 robe "Ovi Birgh" {Dex+2}
   (You found it on level 2 of the Dungeon)

   Dex+2:     It affects your dexterity (+2).
 n - a +0 pair of gloves (worn)
Wands
 o - a wand of mindburst (9)
Scrolls
 f - a scroll of blinking {unknown}
 h - 2 scrolls of fear {unknown}
Potions
 d - a potion of might
 e - 3 potions of curing {unknown}
 g - a potion of attraction {unknown}
 k - a potion of brilliance {unknown}
 l - a potion of ambrosia {unknown}


   Skills:
 + Level 4.2 Fighting
 + Level 3.6 Maces & Flails
 + Level 4.5 Armour
 * Level 1.1 Dodging
 - Level 4.2 Shields


You had 3 spell levels left.
You didn't know any spells.
Your spell library contained the following spells:

 Spells                   Type           Power      Damage    Failure   Level
 Summon Small Mammal      Summ           0%         N/A       80%         1
 Call Canine Familiar     Summ           0%         N/A       99%         3
 Summon Guardian Golem    Hex/Summ       0%         N/A       99%         3


Dungeon Overview and Level Annotations

Branches:
Dungeon (4/15)
 Temple: D:4-7

Altars:
Ashenzari

Annotations:
D:3 Grinder


Innate Abilities, Weirdness & Mutations

You have a pair of horns on your head.
You reflexively headbutt those who attack you in melee.


Message History

No target in view!
No target in view!
No target in view!
h - 2 scrolls labelled ALIEDU ASEN (gained 1)
A giant cockroach comes into view.
Found 5 stones.
A giant cockroach is nearby!
A giant cockroach is nearby!
A giant cockroach is nearby!
You hit the giant cockroach.
You kill the giant cockroach!
No target in view!
You see here a giant cockroach corpse.
Found a stone staircase leading up.
No target in view!
A jelly comes into view.
The jelly quivers.
A jelly is nearby!
A jelly is nearby!
The jelly hits you but does no damage.
You hit the jelly. The acid corrodes you!
Your hands burn!
The jelly is lightly wounded.
The jelly hits you but does no damage. The jelly hits you.
You are splashed with acid!
You hit the jelly.
Your hands burn!
The jelly is heavily wounded.
The jelly hits you.
You are splashed with acid!
The jelly hits you.
* * * LOW HITPOINT WARNING * * *
The acid corrodes you!
You are splashed with acid!
* * * LOW HITPOINT WARNING * * *
You are too injured to fight recklessly!
You are too injured to fight recklessly!
You are too injured to fight recklessly!
You are too injured to fight recklessly!
You are too injured to fight recklessly!
Unknown command.
The jelly attacks as it pursues you! The jelly hits you.
* * * LOW HITPOINT WARNING * * *
You are splashed with acid!
You die...

... ... ....
.....
.....#######
...........
.......#.### ###
.........J@#...#
......####.#.#.#
......#....(...#
###.#..........#
# ##....#....#
#.##.##......#
#............#
#####........#
#...†......#


You could see a jelly.

Vanquished Creatures
  A hound (D:3)
  A worm (D:2)
  A dart slug (D:2)
  3 ball pythons
  5 bats
  8 endoplasms
  2 giant cockroaches
  5 goblins
  3 hobgoblins
  4 jackals (D:2)
  9 kobolds
  6 quokkas
  2 frilled lizards
  6 rats (D:1)
56 creatures vanquished.

Notes
Turn   | Place    | Note
-------+----------+-------------------------------------------
     0 | D:1      | dialectric the Minotaur Fighter began the quest for the
                  | Orb.
     0 | D:1      | Reached XP level 1. HP: 19/19 MP: 0/0
   135 | D:1      | Reached XP level 2. HP: 23/27 MP: 1/1
   583 | D:1      | Reached XP level 3. HP: 33/33 MP: 2/2
  1339 | D:2      | Identified the +0 robe "Ovi Birgh" {Dex+2}
  1743 | D:3      | Found a broken altar of Ashenzari.
  1754 | D:3      | Reached skill level 1 in Dodging
  1754 | D:3      | Reached XP level 4. HP: 18/40 MP: 3/3
  1851 | D:3      | Noticed Grinder
  1854 | D:3      | Paralysed by Grinder for 2 turns
  1907 | D:4      | HP: 1/40 [jelly (3)]
  1907 | D:4      | Splashed by a jelly's acid

Illustrated notes

Levels and vault maps discovered:
D:1:      lemuel_arrival_cross, layout_basic
D:2:      layout_loops_corners, serial_rivers, chequers_serial_rivers_small_3,
          chequers_serial_rivers_marsh, chequers_serial_rivers_large_a,
          chequers_serial_rivers_micro_c, minmay_pentomino_t2
D:3:      layout_rooms, ashenzari_altar_1, serial_bayou, serial_bayou_crossing,
          serial_bayou_shore_a, serial_bayou_pond_d, serial_bayou_pond_b,
          minmay_diced_spiral, uniq_jessica, uniq_grinder
D:4:      layout_basic, hangedman_decor_peaks_small, wad_rectangle_vault,
          uniq_edmund, uniq_eustachio

Skill      XL: |  1  2  3 |
---------------+----------+-----
Shields        | 4 |  4.2
Armour         | 4 |  4.5
Fighting       | 4 |  4.2
Maces & Flails | 3 |  3.6
Dodging        | 1 |  1.1

Action                     |  1- 3 |  4- 6 || total
---------------------------+-------+-------++-------
  Melee: Flail             |    56 |       ||    56
         Headbutt          |     8 |     1 ||     9
         Mace              |    55 |     9 ||    64
 Armour: Scale mail        |   101 |    14 ||   115
  Dodge: Dodged            |    67 |     6 ||    73

Table legend: (Time is in decaauts)
 A = Elapsed time spent in this place.
 B = Non-inter-level travel time spent in this place.
 C = Inter-level travel time spent in this place.
 D = Time resting spent in this place.
 E = Time spent auto-exploring this place.
 F = Levels seen in this place.
 G = Mean time per level.
                   A        B        C        D        E       F      G
               +--------+--------+--------+--------+--------+-----+--------+
         Total |   1998 |   1969 |     29 |      0 |   1527 |   4 |  499.5 |
       Dungeon |   1998 |   1969 |     29 |      0 |   1527 |   4 |  499.5 |
               +--------+--------+--------+--------+--------+-----+--------+

Top non-repeatable levels by time:
     D:2: 991 daAuts
     D:1: 805 daAuts
     D:3: 154 daAuts
     D:4: 47 daAuts
